 Dungeon Crawl Stone Soup version 0.17-a0-1129-g5854844 (webtiles) character file.

100 rocketnipples the Insei (level 4, -8/35 HPs)
             Began as a Demigod Transmuter on May 24, 2015.
             Mangled by Tacticat's ghost (13 damage)
             ... on level 3 of the Dungeon.
             The game lasted 00:14:19 (2573 turns).

rocketnipples the Insei (Demigod Transmuter)        Turns: 2573, Time: 00:14:19

Health: -8/35      AC:  9    Str: 13      XL:     4   Next: 23%
Magic:  9/9        EV:  5    Int: 19      God:
Gold:   43         SH:  3    Dex: 15 (16) Spells: 1 memorised, 6 levels left

rFire  . . .     SeeInvis .     n - +1 long sword (slice)
rCold  . . .     Clarity  .     d - +0 chain mail
rNeg   . . .     SustAt   +     g - +0 buckler
rPois  .         Gourm    .     (no helmet)
rElec  .         Spirit   .     (no cloak)
rCorr  .         Warding  .     (no gloves)
rMut   .         Stasis   .     l - +0 pair of boots
MR     .....                    (no amulet)
Stlth  ..........               (no ring)
                                (no ring)

@: not resistant to hostile enchantments, extremely unstealthy
A: high mp 1, sustain attributes
a: no special abilities


You were on level 3 of the Dungeon.
You were not hungry.

You visited 1 branch of the dungeon, and saw 3 of its levels.

You collected 43 gold pieces.

Inventory:

Hand weapons
 f - a +0 blowgun
 n - a +1 long sword of slicing (weapon)
Missiles
 a - 35 arrows
 j - 9 poisoned needles
Armour
 d - a +0 chain mail (worn)
 g - a +0 buckler (worn)
 l - a +0 pair of boots (worn)
Scrolls
 b - a scroll of identify
 h - a scroll of magic mapping
Potions
 e - a potion of might {unknown}
 k - a potion of brilliance
Books
 c - a book of Changes

   Spells                             Type                      Level
   a - Beastly Appendage              Transmutation                1
   b - Sticks to Snakes               Transmutation                2
   c - Spider Form                    Transmutation/Poison         3
   d - Ice Form                       Ice/Transmutation            4
   e - Blade Hands                    Transmutation                5
Comestibles
 i - 2 fruits
 m - 2 chunks of flesh


   Skills:
 + Level 1.6 Fighting
 - Level 1.1 Armour
 + Level 2.5 Dodging
 - Level 0.3 Shields
 + Level 3.2 Unarmed Combat
 + Level 2.1 Spellcasting
 + Level 2.2 Transmutations


You had 6 spell levels left.
You knew the following spells:

 Your Spells              Type           Power        Failure   Level  Hunger
a - Beastly Appendage     Trmt           ##....       100%        1    #......


Dungeon Overview and Level Annotations

Branches:
Dungeon (3/15)

Annotations:
D:3 Tacticat's ghost, average GrFi


Innate Abilities, Weirdness & Mutations

You have an increased reservoir of magic (+10% MP).
Your attributes are resistant to harm.


Message History

The giant cockroach bites you but does no damage.
Your chain mail prevents you from hitting the giant cockroach.
The giant cockroach bites you but does no damage.
Tacticat's ghost whispers, "Soon you will have time, lots of time..."
Tacticat's ghost hits you!
You slash the giant cockroach!
You kill the giant cockroach!
Tacticat's ghost hits you. x2
Tacticat's ghost hits you but does no damage.
You hit Tacticat's ghost but do no damage.
Tacticat's ghost hits you but does no damage.
You hit Tacticat's ghost.
Tacticat's ghost is lightly damaged.
Tacticat's ghost hits you!
You slash Tacticat's ghost!
Tacticat's ghost is moderately damaged.
Tacticat's ghost hits you!
* * * LOW HITPOINT WARNING * * *
Tacticat's ghost hits you!
You die...

####.## #.# #.>.......
#)# #..###...## #.#
#..##.....###.#
..............# .
#..##.....##### ...
#..###...## .....###W.#
##[## #..†(@.# #.#
....####.## #†#
##########.# #.#######
#.##.......# #.......#
#.##.####### #######.#
#.##.# #<# #.##.# #.#
#######.##.############
#.#
.............[........#
#.#


You could see Tacticat's ghost.

Vanquished Creatures
  A hound (D:2)
  3 adders (D:2)
  2 oozes
  4 giant cockroaches
  5 goblins
  3 hobgoblins
  2 jackals (D:2)
  2 kobolds
  2 quokkas (D:2)
  A ball python (D:2)
  5 bats
  2 giant newts
  7 rats
39 creatures vanquished.

Notes
Turn   | Place    | Note
--------------------------------------------------------------
     0 | D:1      | rocketnipples the Demigod Transmuter began the quest for the Orb.
     0 | D:1      | Reached XP level 1. HP: 15/15 MP: 5/5
   122 | D:1      | Reached skill level 1 in Fighting
   733 | D:1      | Reached XP level 2. HP: 17/23 MP: 7/7
  1187 | D:2      | Reached XP level 3. HP: 25/28 MP: 8/8
  1493 | D:2      | Reached skill level 3 in Unarmed Combat
  1570 | D:2      | Reached skill level 1 in Armour
  1570 | D:2      | Reached XP level 4. HP: 18/35 MP: 9/9
  1578 | D:2      | Found a burning altar of Makhleb.
  2564 | D:3      | Noticed Tacticat's ghost (average GrFi)
  2573 | D:3      | Mangled by Tacticat's ghost

Vault maps used:
D:1:      dpeg_arrival_simpleton_c
D:2:      makhleb_heckhound_becter
D:3:      lemuel_coloured_pillars_altar, uniq_natasha, uniq_iyjb

Action                   |  1- 3 |  4- 6 || total
-------------------------+-------+-------++-------
Melee: Unarmed           |   126 |    59 ||   185
       Long sword        |       |    19 ||    19
       Dagger            |       |     4 ||     4
 Cast: Beastly Appendage |     3 |       ||     3
  Use: Potion            |     2 |     2 ||     4
       Scroll            |     2 |     1 ||     3
  Eat: Bread ration      |     1 |       ||     1
       Fruit             |       |     1 ||     1
